 Seeded DCSS version 0.28-a0-925-gd5e1996cdb (webtiles) character file.

Game seed: 20211126 (custom seed)

23 a11behringer the Chopper (level 3, 0/33 HPs)
             Began as a Hill Orc Monk on Nov 26, 2021.
             Was a Believer of the Shining One.
             Slain by a worm (1 damage)
             ... on level 2 of the Dungeon.
             The game lasted 00:02:08 (602 turns).

a11behringer the Chopper (Hill Orc Monk)             Turns: 602, Time: 00:02:09

Health: 0/33       AC:  3    Str: 14    XL:     3   Next: 0%
Magic:  3/3        EV: 12    Int: 10    God:    the Shining One [**....]
Gold:   15         SH:  0    Dex: 13    Spells: 2/2 levels left

rFire   . . .      SeeInvis .   a - +0 hand axe
rCold   . . .      Faith    .   (no shield)
rNeg    + . .      Spirit   .   e - +0 leather armour
rPois   .          Reflect  .   (no helmet)
rElec   .          Harm     .   (no cloak)
rCorr   .          Rampage  .   (no gloves)
Will    .....                   (no boots)
Stlth   +.........              (no amulet)
HPRegen 0.11/turn               (no ring)
MPRegen 0.08/turn               (no ring)

@: lethally poisoned (0 -> -3), glowing
A: no striking features
a: Renounce Religion, Divine Shield


You were on level 2 of the Dungeon.
You worshipped the Shining One.
The Shining One was pleased with you.
You visited 1 branch of the dungeon, and saw 2 of its levels.

You collected 15 gold pieces.

Inventory:

Hand Weapons
 a - a +0 hand axe (weapon)
Armour
 b - a +0 robe
 e - a +0 leather armour (worn)
Scrolls
 c - a scroll of blinking {unknown}
 d - a scroll of identify {unknown}


   Skills:
 + Level 4.1 Fighting
 + Level 4.6 Axes
 + Level 2.6 Dodging
 + Level 1.6 Stealth


You had 2 spell levels left.
You didn't know any spells.
Your spell library was empty.

Dungeon Overview and Level Annotations

Branches:
Dungeon (2/15)

Altars:
The Shining One


Message History

An adder comes into view.
Things that are here:
a +0 whip; a kobold corpse The adder closely misses you.
You barely miss the adder. The adder barely misses you.
You closely miss the adder. You hit the worm. The adder bites you.
The worm bites you!
You hit the adder but do no damage. You hit the worm.
The adder closely misses you. The adder barely misses you.
You hit the adder.
The adder is moderately wounded.
You hit the worm. The adder bites you. The worm closely misses you.
You hit the adder.
The adder is moderately wounded.
You hit the worm. The adder barely misses you.
The adder bites you but does no damage. The worm bites you.
You barely miss the adder.
The adder is moderately wounded.
You hit the worm. The adder misses you.
You hit the adder.
The adder is heavily wounded.
You hit the worm. The adder bites you.
You are poisoned.
The adder poisons you! The worm closely misses you.
You barely miss the adder.
The adder is heavily wounded.
You hit the worm but do no damage.
You feel sick. The adder barely misses you. The adder bites you.
* * * LOW HITPOINT WARNING * * *
You hit the adder but do no damage.
The adder is heavily wounded.
You hit the worm but do no damage.
You feel sick. The adder closely misses you. The worm bites you.
* * * LOW HITPOINT WARNING * * *
You hit the adder.
You kill the adder!
You hit the worm.
* * * LOW HITPOINT WARNING * * *
You feel sick. The worm bites you.
You die...

# .# .. . #
#######.#.... #####
#.##...)@†$.....
....#####........w.#####
........####.#######
_.†.###......# ...##
######## ...# ####


You could see a worm.

Vanquished Creatures
  3 adders (D:2)
  3 hobgoblins
  A kobold (D:2)
7 creatures vanquished.

Notes
Turn   | Place    | Note
-------+----------+-------------------------------------------
     0 | D:1      | a11behringer the Hill Orc Monk began the quest for the Orb.
     0 | D:1      | Reached XP level 1. HP: 19/19 MP: 1/1
   225 | D:2      | Reached XP level 2. HP: 12/27 MP: 2/2
   552 | D:2      | Found a glowing golden altar of the Shining One.
   569 | D:2      | Became a worshipper of the Shining One
   569 | D:2      | Reached * piety under the Shining One
   569 | D:2      | Reached ** piety under the Shining One
   591 | D:2      | Reached XP level 3. HP: 33/33 MP: 3/3
   602 | D:2      | HP: 1/33 [poisoned by an adder]
   602 | D:2      | Slain by a worm

Illustrated notes

Levels and vault maps discovered:
D:1:      dpeg_arrival_tiny_f, layout_rooms,
          hellmonk_ecumenical_altar_crossroads, interstate_on_off,
          due_unseen_surprise
D:2:      layout_loops_ring, basic_altar, minmay_fountain_box

Skill      XL: |  1  2 |
---------------+-------+-----
Fighting       | 4 |  4.1
Axes           | |  4.6
Dodging        | |  2.6
Stealth        | |  1.6

Action                   || total
-------------------------++-------
Melee: Hand axe          ||    33
 Stab: Sleeping          ||     1
Armor: Robe              ||     1
       Leather armour    ||     7
Dodge: Dodged            ||    23

Table legend: (Time is in decaauts)
 A = Elapsed time spent in this place.
 B = Non-inter-level travel time spent in this place.
 C = Inter-level travel time spent in this place.
 D = Time resting spent in this place.
 E = Time spent auto-exploring this place.
 F = Levels seen in this place.
 G = Mean time per level.
                   A        B        C        D        E       F      G
               +--------+--------+--------+--------+--------+-----+--------+
         Total |    604 |    513 |     91 |      0 |    432 |   2 |  302.0 |
       Dungeon |    604 |    513 |     91 |      0 |    432 |   2 |  302.0 |
               +--------+--------+--------+--------+--------+-----+--------+

Top non-repeatable levels by time:
     D:2: 406 daAuts
     D:1: 197 daAuts
